[Event "IIFL Wealth 4th Mumbai Open"]
[Site "Mumbai"]
[Date "2019.01.02"]
[Round "4"]
[White "Bhaskar, N S"]
[Black "Barde, Om"]
[Result "0-1"]
[ECO "A05"]
[WhiteElo "1463"]
[BlackElo "1801"]
[Annotator "NA"]
[PlyCount "113"]
[EventDate "2018.12.30"]
[EventType "swiss"]
[EventCountry "IND"]
[SourceTitle "playchess.com"]
[Source "ChessBase"]
[SourceQuality "1"]
[TimeControl "40/5400+30:1800+30"]

1. Nf3 Nf6 2. g3 d5 3. Bg2 e6 4. O-O Nbd7 5. d3 Be7 6. Nbd2 O-O 7. e4 c5 8. e5 Ne8 9. Re1 Rb8 10. c3 b5 11. Nf1 Nb6 12. h4 a5 13. d4 b4 14. N1h2 bxc3 15. bxc3 cxd4 16. cxd4 Ba6 17. a3 Nc4 18. Ng5 h6 19. Nh3 Nb2 20. Qh5 Nd3 21. Rd1 Nxc1 22. Rdxc1 Bd3 23. Nf4 Bh7 24. Bh3 Qb6 25. Rd1 Qb3 26. Bf1 Qb2 27. Nf3 Qc2 28. Bd3 Bxd3 29. Rxd3 Rb3 30. Rxb3 Qxb3 31. Kg2 Nc7 32. g4 Qc2 33. Kg3 Rb8 34. g5 Qf5 35. Rc1 Ne8 36. gxh6 Qxh5 37. Nxh5 gxh6 38. a4 f5 39. exf6 Nxf6 40. Nxf6+ Bxf6 41. Rc6 Kf7 42. Ne5+ Bxe5+ 43. dxe5 Rb4 44. h5 Rxa4 45. Rc7+ Ke8 46. Rh7 Re4 47. f4 d4 48. Rxh6 Kd7 49. Rh7+ Kc6 50. Ra7 d3 51. Kf3 d2 52. Ra6+ Kc5 53. Rd6 Rd4 54. Rxd4 Kxd4 55. Ke2 Kc3 56. Kd1 a4 57. Ke2 0-1

[Event "IIFL Wealth 4th Mumbai Open"]
[Site "Mumbai"]
[Date "2019.01.02"]
[Round "4"]
[White "Apoorv, Kamble"]
[Black "Arhan, Chethan Anand"]
[Result "1/2-1/2"]
[ECO "C24"]
[WhiteElo "1458"]
[BlackElo "1710"]
[Annotator "NA"]
[PlyCount "41"]
[EventDate "2018.12.30"]
[EventType "swiss"]
[EventCountry "IND"]
[SourceTitle "playchess.com"]
[Source "ChessBase"]
[SourceQuality "1"]
[TimeControl "40/5400+30:1800+30"]

1. e4 e5 2. Bc4 Nf6 3. d4 exd4 4. e5 d5 5. Bb5+ Bd7 6. Bxd7+ Nfxd7 7. Nf3 Nc6 8. Bf4 Be7 9. Nbd2 Nc5 10. O-O Kf8 11. Nb3 Kg8 12. Bg3 Ne6 13. Nfxd4 Qd7 14. c3 Ncxd4 15. Nxd4 Nxd4 16. Qxd4 c5 17. Qd2 Qe6 18. f4 f5 19. Rad1 a6 20. Qe2 Rd8 21. a4 1/2-1/2

[Event "IIFL Wealth 4th Mumbai Open"]
[Site "Mumbai"]
[Date "2019.01.02"]
[Round "4"]
[White "Golvankar, Dilip K"]
[Black "Boramanikar, Tanisha S"]
[Result "0-1"]
[ECO "A04"]
[WhiteElo "1456"]
[BlackElo "1782"]
[Annotator "NA"]
[PlyCount "90"]
[EventDate "2018.12.30"]
[EventType "swiss"]
[EventCountry "IND"]
[SourceTitle "playchess.com"]
[Source "ChessBase"]
[SourceQuality "1"]
[TimeControl "40/5400+30:1800+30"]

1. Nf3 c5 2. b3 Nf6 3. Bb2 g6 4. e4 Bg7 5. d3 O-O 6. g3 d6 7. Bg2 Nc6 8. Nbd2 Qc7 9. O-O Rd8 10. h3 Nxe4 11. Bxg7 Nxd2 12. Qxd2 Kxg7 13. Qc3+ e5 14. Qd2 Nd4 15. Ng5 h6 16. c3 Nc6 17. Nf3 Be6 18. g4 d5 19. g5 h5 20. Qc2 Qd7 21. Kh2 Qd6 22. Kg1 d4 23. c4 Re8 24. Qe2 Qe7 25. Rae1 Bf5 26. Qd2 Qd7 27. Kh2 e4 28. dxe4 Rxe4 29. Rxe4 Bxe4 30. Qf4 Qf5 31. Qxf5 Bxf5 32. Re1 Rd8 33. Nd2 Rd6 34. Re8 Re6 35. Bxc6 bxc6 36. Rxe6 fxe6 37. f4 Kf7 38. Kg3 Ke7 39. h4 Kd6 40. Kf3 e5 41. a3 a5 42. a4 Bc2 43. Ne4+ Bxe4+ 44. Kxe4 exf4 45. Kxf4 d3 0-1

[Event "IIFL Wealth 4th Mumbai Open"]
[Site "Mumbai"]
[Date "2019.01.02"]
[Round "4"]
[White "Sairaj, Dilip Vernekar"]
[Black "Devesh, Anand Naik"]
[Result "0-1"]
[ECO "C00"]
[WhiteElo "1445"]
[BlackElo "1763"]
[Annotator "NA"]
[PlyCount "120"]
[EventDate "2018.12.30"]
[EventType "swiss"]
[EventCountry "IND"]
[SourceTitle "playchess.com"]
[Source "ChessBase"]
[SourceQuality "1"]
[TimeControl "40/5400+30:1800+30"]

1. e4 e6 2. d4 d5 3. Bd3 Nf6 4. e5 Nfd7 5. Nf3 c5 6. c3 Nc6 7. O-O Be7 8. Bb5 a6 9. Bxc6 bxc6 10. Be3 O-O 11. Nbd2 a5 12. Nb3 c4 13. Nc1 Qc7 14. Ne2 c5 15. Qc2 Ba6 16. Rfe1 Rab8 17. Rab1 Rb6 18. Ng3 Rfb8 19. Ng5 Nf8 20. dxc5 Bxc5 21. Bxc5 Qxc5 22. Nf3 Qc7 23. Qd2 Qe7 24. Ne2 Qb7 25. Ned4 Rxb2 26. Rxb2 Qxb2 27. Nc6 Qxd2 28. Nxd2 Rb2 29. Nf3 Rxa2 30. Ne7+ Kh8 31. Ng5 g6 32. Nxf7+ Kg7 33. Ng5 Bb5 34. Rc1 Bd7 35. Re1 h6 36. Nf3 Kf7 37. Nxd5 exd5 38. Nd4 Ne6 39. Nxe6 Kxe6 40. f4 Rb2 41. Ra1 a4 42. Ra3 Rb3 43. Ra1 Rxc3 44. Kf2 a3 45. g3 Rb3 46. Kg2 Rb2+ 47. Kf3 a2 48. g4 c3 49. Kg3 c2 50. Kh4 g5+ 51. fxg5 hxg5+ 52. Kh5 Be8+ 53. Kxg5 Rb1 54. Rxa2 c1=Q+ 55. Kh4 Qe1+ 56. Kh3 Rb3+ 57. Kg2 Qe4+ 58. Kf2 Qe3+ 59. Kg2 Qf3+ 60. Kg1 Rb1# 0-1

[Event "IIFL Wealth 4th Mumbai Open"]
[Site "Mumbai"]
[Date "2019.01.02"]
[Round "4"]
[White "Mishra, Rahul"]
[Black "Shetye, Shyam"]
[Result "1/2-1/2"]
[ECO "B20"]
[WhiteElo "1433"]
[BlackElo "1685"]
[Annotator "NA"]
[PlyCount "93"]
[EventDate "2018.12.30"]
[EventType "swiss"]
[EventCountry "IND"]
[SourceTitle "playchess.com"]
[Source "ChessBase"]
[SourceQuality "1"]
[TimeControl "40/5400+30:1800+30"]

1. e4 c5 2. b4 e6 3. Bb2 Nf6 4. bxc5 Bxc5 5. d4 Bb4+ 6. c3 Be7 7. Bd3 O-O 8. Nf3 d6 9. Qc2 h6 10. O-O Nc6 11. Nbd2 e5 12. d5 Nb8 13. h3 Nbd7 14. Nb3 Re8 15. c4 b6 16. a4 a5 17. Bc3 Ba6 18. Qe2 Rc8 19. Rfc1 Nc5 20. Nxc5 Rxc5 21. Rab1 Nd7 22. Bd2 Rc8 23. Be3 Nc5 24. Qc2 Rb8 25. Nd2 Qd7 26. Bxc5 bxc5 27. Rxb8 Rxb8 28. Rb1 Rb4 29. Rxb4 axb4 30. Qa2 Qa7 31. Nb3 Bc8 32. a5 Bd8 33. Kf1 Bd7 34. Ke2 Kf8 35. Kd2 Bc7 36. Be2 g6 37. g4 Bd8 38. Bd3 Bc8 39. Ke2 Qe7 40. Kf1 Qd7 41. Kg2 Kg7 42. Bc2 f5 43. gxf5 gxf5 44. exf5 Qe7 45. Qa4 Bd7 46. Qa2 e4 47. a6 1/2-1/2

[Event "IIFL Wealth 4th Mumbai Open"]
[Site "Mumbai"]
[Date "2019.01.02"]
[Round "4"]
[White "Adarsh, Sanklecha"]
[Black "Tamhankar, Siddhant"]
[Result "0-1"]
[ECO "B56"]
[WhiteElo "1414"]
[BlackElo "1704"]
[Annotator "NA"]
[PlyCount "114"]
[EventDate "2018.12.30"]
[EventType "swiss"]
[EventCountry "IND"]
[SourceTitle "playchess.com"]
[Source "ChessBase"]
[SourceQuality "1"]
[TimeControl "40/5400+30:1800+30"]

1. e4 c5 2. Nf3 d6 3. d4 cxd4 4. Nxd4 Nf6 5. Nc3 Nc6 6. Be3 e5 7. Nb3 Be7 8. f3 O-O 9. Qd2 a6 10. O-O-O b5 11. g4 Na5 12. Nxa5 Qxa5 13. Kb1 b4 14. Nd5 Nxd5 15. exd5 Bd7 16. h4 Rfb8 17. h5 Qd8 18. g5 Bf5 19. Bh3 Qd7 20. Bxf5 Qxf5 21. f4 b3 22. Qd3 bxc2+ 23. Kxc2 Rc8+ 24. Kb1 Qxd3+ 25. Rxd3 exf4 26. Bxf4 Rc4 27. Rf1 a5 28. h6 Rxf4 29. Rxf4 Bxg5 30. Rc4 Bxh6 31. Kc2 f5 32. Rf3 f4 33. Rc6 Rd8 34. Kd3 Kf7 35. Ra6 g5 36. Rh3 Kg6 37. Ke4 Bg7 38. Rxa5 Re8+ 39. Kf3 Re3+ 40. Kg2 Re2+ 41. Kf3 Rxb2 42. Rh1 Kf5 43. Rh5 Bd4 44. Rxg5+ Kxg5 45. Ke4 Bc5 46. Ra8 Re2+ 47. Kf3 Re3+ 48. Kg2 f3+ 49. Kh2 f2 50. Kg2 Re1 51. Rg8+ Kh4 52. Rf8 Rg1+ 53. Kh2 f1=N+ 54. Rxf1 Rxf1 55. a4 Rf2+ 56. Kg1 Kg3 57. a5 Rf3+ 0-1